 Dungeon Crawl Stone Soup version 0.27.1-2-g3b301248ec (webtiles) character file.

Game seed: 13921319710621066032

1629 porpoise the Skirmisher (level 9, -2/68 HPs)
             Began as a Djinni Ice Elementalist on Sept 26, 2021.
             Was an Initiate of Makhleb.
             Slain by a yak (10 damage)
             ... on level 5 of the Dungeon.
             The game lasted 00:36:09 (10491 turns).

porpoise the Skirmisher (Djinni Ice Elementalist)  Turns: 10491, Time: 00:36:10

Health: -2/68      AC:  6    Str:  9    XL:     9   Next: 18%
Gold:   304        EV: 12    Int: 19    God:    Makhleb [......] SH:  0 Dex: 13

rFire    + + .     SeeInvis .   w - +6 mace (holy)
rCold    x . .     Faith    .   (no shield)
rNeg     + . .     Spirit   .   v - +2 robe {Archmagi}
rPois    ∞         Reflect  .   s - +0 helmet
rElec    .         Harm     .   (no cloak)
rCorr    +         Rampage  .   D - +0 pair of gloves
Will     .....     Archmagi +   (boots unavailable)
Stlth    ++........             (no amulet)
HPRegen  0.21/turn              C - ring of resist corrosion
MPRegen  0.00/turn              J - ring of positive energy

@: about to teleport, flying
A: sickness immunity, fire resistance 2, cold vulnerability 1, float, innate
caster, hp casting, extra vitality 1
a: Renounce Religion


You were on level 5 of the Dungeon.
You worshipped Makhleb.
Makhleb was noncommittal.
You visited 1 branch of the dungeon, and saw 6 of its levels.

You collected 304 gold pieces.

Inventory:

Hand Weapons
 a - a +2 hand axe of venom
 b - a +0 hunting sling
 n - a +2 vampiric dagger
 w - a +6 mace of holy wrath (weapon)
 G - a +3 whip
Missiles
 c - 151 stones
 d - 37 poisoned darts
 j - 25 sling bullets
 r - 6 atropa-tipped darts
 t - 6 boomerangs (quivered)
 F - 83 arrows
 H - a throwing net
Armour
 s - a +0 helmet (worn)
 v - a +2 robe of the Archmagi (worn)
 D - a +0 pair of gloves (worn)
Jewellery
 q - a ring of ice
 C - a ring of resist corrosion (left hand)
 J - a ring of positive energy (right hand)
Wands
 o - a wand of acid (9)
 E - a wand of iceblast (6)
Scrolls
 e - a scroll of torment
 f - a scroll of noise {unknown}
 i - 2 scrolls of amnesia {unknown}
 k - 2 scrolls of teleportation
 l - a scroll of holy word {unknown}
 y - a scroll of brand weapon {unknown}
 B - a scroll of fear {unknown}
 I - a scroll of enchant armour {unknown}
 K - a scroll of enchant weapon {unknown}
 L - a scroll of vulnerability {unknown}
 M - a scroll of immolation {unknown}
Potions
 g - a potion of attraction
 m - 3 potions of heal wounds
 p - a potion of brilliance
 u - 2 potions of flight
 x - a potion of invisibility
 z - a potion of lignification
 A - a potion of might {unknown}


   Skills:
 - Level 7.0 Fighting
 + Level 3.0 Dodging
 - Level 1.5 Stealth
 - Level 7.0 Spellcasting
 + Level 1.5 Evocations


You had 3 spell levels left.
You knew the following spells:

 Your Spells              Type           Power      Damage    Failure   Level
a - Freeze                Ice            100%       1d11      1%          1
b - Frozen Ramparts       Ice            98%        1d11      1%          3
c - Ozocubu's Armour      Ice            49%        N/A       1%          3
d - Hailstorm             Conj/Ice       49%        3d11      5%          4
e - Animate Skeleton      Necr           98%        N/A       1%          1
f - Passwall              Tmut/Erth      40%        N/A       1%          2
g - Slow                  Hex            49%        N/A       1%          2
h - Lesser Beckoning      Tloc           24%        N/A       1%          3
Your spell library was empty.

Dungeon Overview and Level Annotations

Branches:
Dungeon (6/15)
 Temple: D:4-7

Altars:
Cheibriados
Dithmenos
Makhleb
Qazlal
Yredelemnul

Annotations:
D:3 /Dig, 3 runed translucent doors, WaxSun's ghost, amateur DgEE


Innate Abilities, Weirdness & Mutations

You are immune to sickness and miasma.
You are immune to poison.
Your flesh is very heat resistant. (rF++)
You are vulnerable to cold. (rC-)
You float through the air rather than walking.
You learn spells naturally, not from books.
Your magical power is your life essence.
You have superior vitality. (+4 HP)


Message History

You need no library to learn spells.
Unknown command.
Casting: Freeze (safe; 1% risk of failure)
Confirm with . or Enter, or press ? or * to list all spells.
Okay, then.
The frozen ramparts melt away as you move.
You start resting.
HP restored.
You start waiting.
Done waiting.
You start waiting.
Done waiting.
Done exploring.
Done exploring.
Done exploring.
(D) Dungeon
Where to? (Enter - D:6, ? - help)
There is an open door here.
You see here a yak skeleton.
There is a stone staircase leading down here.
You fly downwards.
The yak gores you! The yak gores you but does no damage.
The yak gores you! x2; The yak gores you but does no damage.
There is a stone staircase leading up here.
The yak misses you. x2; The yak gores you!
You fly upwards.
There is a stone staircase leading down here.
The yak gores you!
* * * LOW HITPOINT WARNING * * *
The yak gores you.
* * * LOW HITPOINT WARNING * * *
The yak gores you!
* * * LOW HITPOINT WARNING * * *
Okay, then.
You feel much better. The yak closely misses you. The yak misses you.
The yak barely misses you.
As you read the scroll of teleportation, it crumbles to dust.
You feel strangely unstable. The yak gores you!
* * * LOW HITPOINT WARNING * * *
The yak gores you!
You die...

.#.####............#.##..........
...# #>############.##........##
.################# #....#####'##
.........#.......######.# #.#
.....###.#..............# #.#
#.#### #.#..............# ###.###
#.######'#..............###.....#
#..........#####.Y...........##.#
#..........# #@>......####.##.#
#..........#####YY.........#.##.#
#.######.##....÷........#..#.##.#
#.######.##.####...........#.##.#
#.#......##.# ######'###.......#
#.#.#######.#########.#......####
#.#.# #.............#.######
..#.# #.#.#######......# .##.#
#.#..............#


You could see 3 yaks.

Vanquished Creatures
  2 yaks (D:5)
  A water moccasin (D:5)
  A necrophage (D:5)
  2 ogres (D:4)
  2 scorpions (D:5)
  A water moccasin skeleton (D:4)
  2 howler monkeys (D:4)
  4 hounds (D:4)
  A centaur skeleton (D:4)
  A gnoll shaman (D:4)
  Ijyb (D:4)
  4 iguanas
  A howler monkey zombie (D:5)
  Robin (D:3)
  5 adders
  A howler monkey skeleton (D:5)
  15 gnolls (D:4)
  A white imp (D:5)
  An ufetubus (D:5)
  4 adder skeletons
  An adder zombie (D:3)
  A worm (D:5)
  8 dart slugs
  22 orcs
  6 ball pythons
  4 endoplasms
  17 goblins
  13 hobgoblins
  22 jackals
  7 kobolds
  5 quokkas
  A ball python zombie (D:3)
  5 bats
  8 frilled lizards
  3 rats (D:1)
174 creatures vanquished.

Vanquished Creatures (collateral kills)
  A gnoll (D:4)
1 creature vanquished.

Vanquished Creatures (others)
  A hobgoblin (D:4)
1 creature vanquished.

Grand Total: 176 creatures vanquished

Notes
Turn   | Place    | Note
-------+----------+-------------------------------------------
     0 | D:1      | porpoise the Djinni Ice Elementalist began the quest for
                  | the Orb.
     0 | D:1      | Reached XP level 1. HP: 15/15 MP: 0/0
   250 | D:1      | Reached XP level 2. HP: 16/22 MP: 0/0
   337 | D:1      | Reached skill level 1 in Fighting
   373 | D:1      | Found a faded altar of an unknown god.
   990 | D:1      | Reached XP level 3. HP: 19/27 MP: 0/0
   990 | D:1      | Learned a level 1 spell: Animate Skeleton
  2360 | D:2      | Reached XP level 4. HP: 23/33 MP: 0/0
  3121 | D:2      | Reached XP level 5. HP: 28/40 MP: 0/0
  3121 | D:2      | Learned a level 2 spell: Passwall
  3796 | D:3      | Found a shadowy altar of Dithmenos.
  3814 | D:3      | You are sucked into a shaft and drop 1 floor!
  3857 | D:4      | Noticed an ogre
  3869 | D:4      | Killed an ogre
  3870 | D:4      | Reached XP level 6. HP: 35/47 MP: 0/0
  4648 | D:3      | Found a runed translucent gate.
  4648 | D:3      | Found a runed translucent gate.
  4648 | D:3      | Found a runed translucent gate.
  4648 | D:3      | Noticed WaxSun's ghost (amateur DgEE)
  4650 | D:3      | Found a basalt altar of Yredelemnul.
  4725 | D:3      | Found a stormy altar of Qazlal.
  4840 | D:3      | Noticed Robin
  4844 | D:3      | Killed Robin
  5927 | D:4      | Reached XP level 7. HP: 49/53 MP: 0/0
  5927 | D:4      | Learned a level 2 spell: Slow
  6079 | D:4      | Reached skill level 5 in Spellcasting
  6441 | D:4      | Noticed Ijyb
  6449 | D:4      | Killed Ijyb
  6466 | D:4      | Reached skill level 5 in Fighting
  7222 | D:4      | Reached XP level 8. HP: 40/61 MP: 0/0
  8292 | D:5      | Entered Level 5 of the Dungeon
  8484 | D:5      | Found a burning altar of Makhleb.
  8495 | D:5      | Found a snail-covered altar of Cheibriados.
  8526 | D:5      | Became a worshipper of Makhleb the Destroyer
  9810 | D:6      | Noticed a yak
  9810 | D:6      | Noticed a yak
  9810 | D:6      | Noticed a yak
  9810 | D:6      | Noticed a yak
  9810 | D:6      | Noticed a yak
  9810 | D:6      | Noticed a yak
 10090 | D:5      | Killed a yak
 10091 | D:5      | Reached XP level 9. HP: 29/68 MP: 0/0
 10091 | D:5      | Learned a level 3 spell: Lesser Beckoning
 10092 | D:5      | Reached skill level 1 in Evocations
 10489 | D:5      | HP: 1/68 [yak (8)]
 10491 | D:5      | Slain by a yak

Illustrated notes

Levels and vault maps discovered:
D:1:      tarquinn_simple_flora_water_e, layout_loops_ring,
          hellmonk_ecumenical_altar_lost_god, chequers_serial_rivers_micro_e
D:2:      layout_basic
D:3:      kennysheep_goblin_castle, layout_basic,
          mainiacjoe_overflow_concentric_impassable,
          nicolae_yredelemnul_ghost_church, grunt_dithmenos_smoke, minivault_26,
          due_unseen_surprise
D:4:      lemuel_castle_with_subvaults [lemuel_castle_interior_carwin_2],
          layout_rooms, minmay_misc_feat_roman, uniq_ijyb
D:5:      layout_basic, grunt_temple_overflow_open
D:6:      layout_cave_pods, uniq_crazy_yiuf_cottage, uniq_edmund

Skill      XL: |  1  2  3  4  5  6  7  8  9 |
---------------+----------------------------+-----
Fighting       | 1 2 4 5 7 |  7.0
Spellcasting   | 4 5 7 |  7.0
Dodging        | 3 |  3.0
Evocations     | 1 |  1.5
Stealth        | |  1.5

Action                   |  1- 3 |  4- 6 |  7- 9 || total
-------------------------+-------+-------+-------++-------
Melee: Whip              |    10 |       |       ||    10
       Short sword       |     9 |       |       ||     9
       Dagger            |       |     2 |       ||     2
       Mace              |       |    19 |    61 ||    80
       Hand axe          |       |    18 |       ||    18
 Fire: Hunting sling     |       |    38 |       ||    38
Throw: Dart              |       |    38 |       ||    38
       Boomerang         |       |     4 |    14 ||    18
 Cast: Freeze            |    53 |    45 |    60 ||   158
       Frozen Ramparts   |       |    10 |    18 ||    28
       Ozocubu's Armour  |       |     1 |     2 ||     3
       Animate Skeleton  |       |       |     1 ||     1
       Hailstorm         |       |       |    10 ||    10
  Use: Scroll            |       |       |     9 ||     9
       Potion            |       |       |     1 ||     1
 Stab: Sleeping          |     3 |     2 |     1 ||     6
Armor: Robe              |     7 |    22 |    38 ||    67
Dodge: Dodged            |    23 |    40 |    76 ||   139
